 Dungeon Crawl Stone Soup version 0.28-a0-863-g8cecda6153 (webtiles) character file.

Game seed: 899478472792157626

1015 mcbry74 the Cudgeller (level 8, -4/80 HPs)
             Began as a Troll Monk on Nov 18, 2021.
             Was a Priest of Okawaru.
             Succumbed to a water moccasin's poison
             ... on level 5 of the Dungeon.
             The game lasted 00:15:13 (4224 turns).

mcbry74 the Cudgeller (Troll Monk)                  Turns: 4224, Time: 00:15:13

Health: -4/80      AC:  4    Str: 22    XL:     8   Next: 1%
Magic:  9/9        EV: 10    Int:  6    God:    Okawaru [***...]
Gold:   341        SH:  0    Dex: 12    Spells: 7/7 levels left

rFire   . . .      SeeInvis .   q - +0 giant club
rCold   . . .      Faith    .   (shield currently unavailable)
rNeg    . . .      Spirit   .   b - +0 robe
rPois   .          Reflect  .   (helmet restricted)
rElec   .          Harm     .   (no cloak)
rCorr   .          Rampage  .   (gloves unavailable)
Will    +....                   (boots unavailable)
Stlth   ++........              (no amulet)
HPRegen 1.23/turn               m - ring of willpower
MPRegen 0.11/turn               (no ring)

@: lethally poisoned (-4 -> -22), attractive
A: large, unfitting armour, claws 3, regeneration 1, shaggy fur 1, tough skin 1
a: Renounce Religion, Heroism


You were on level 5 of the Dungeon.
You worshipped Okawaru.
Okawaru was most pleased with you.
You visited 1 branch of the dungeon, and saw 6 of its levels.

You collected 341 gold pieces.

Inventory:

Hand Weapons
 a - a +0 mace
 e - a +1 mace of protection
 l - a +0 flail
 q - a +0 giant club (weapon)
Missiles
 h - 6 boomerangs (quivered)
 s - 19 poisoned darts
 A - a throwing net
Armour
 b - a +0 robe (worn)
Jewellery
 m - a ring of willpower (left claw)
 o - a ring of ice
 v - a ring of ice
 z - an amulet of magic regeneration
Wands
 t - a wand of flame (12)
Scrolls
 c - 2 scrolls of enchant armour {unknown}
 f - a scroll of blinking {unknown}
 g - a scroll of immolation {unknown}
 i - a scroll of fog {unknown}
 j - a scroll of enchant weapon {unknown}
 p - a scroll of amnesia {unknown}
 r - 2 scrolls of identify {unknown}
 w - a scroll of noise {unknown}
 x - 2 scrolls of teleportation {unknown}
 y - a scroll of fear {unknown}
Potions
 k - a potion of curing {unknown}
 n - a potion of cancellation
 u - a potion of mutation {unknown}


   Skills:
 + Level 5.0 Fighting
 + Level 6.7 Maces & Flails
 - Level 2.4 Dodging
 - Level 1.0 Stealth
 + Level 3.0 Invocations


You had 7 spell levels left.
You didn't know any spells.
Your spell library contained the following spells:

 Spells                   Type           Power      Damage    Failure   Level
 Pain                     Necr           0%         1d4       45%         1
 Static Discharge         Conj/Air       0%         N/A       58%         2
 Inner Flame              Hex/Fire       0%         N/A       83%         3
 Vampiric Draining        Necr           0%         2d6       83%         3
 Cause Fear               Hex            0%         N/A       99%         4
 Dispel Undead            Necr           0%         3d6       99%         4
 Sticky Flame             Conj/Fire      0%         2d3       99%         4
 Discord                  Hex            0%         N/A       100%        8
 Animate Skeleton         Necr           Unusable   N/A       N/A         1
 Summon Small Mammal      Summ           Unusable   N/A       N/A         1
 Call Canine Familiar     Summ           Unusable   N/A       N/A         3
 Summon Guardian Golem    Hex/Summ       Unusable   N/A       N/A         3

Dungeon Overview and Level Annotations

Branches:
Dungeon (6/15)             Temple (0/1) D:5

Altars:
Ashenzari
Cheibriados
Gozag
Makhleb
Okawaru
Ru
Xom

Shops:
D:5 (=


Innate Abilities, Weirdness & Mutations

You are too large for most types of armour.
You have claws for hands.
Your natural rate of healing is unusually fast.
You are covered in fur. (AC +1)
You have tough skin. (AC +1)


Message History

The water moccasin barely misses you.
You closely miss the water moccasin.
You feel sick. The water moccasin misses you. The gnoll barely misses you.
The water moccasin closely misses you.
You feel sick.
The water moccasin bites you but does no damage.
You closely miss the water moccasin.
You feel sick.
The gnoll hits you from afar with a +0 halberd!
The water moccasin bites you!
You are more poisoned.
The water moccasin poisons you!
You feel very sick. The water moccasin bites you.
You feel sick.
Items here: ))) †.
You feel very sick. The water moccasin bites you!
There is an escape hatch in the ceiling, spattered with blood here.
You feel sick. The water moccasin bites you.
* * * LOW HITPOINT WARNING * * *
The gnoll barely misses you. A mysterious force pulls you upwards.
The hatch slams shut behind you.
You feel sick.
You barely miss the water moccasin.
You feel sick. The water moccasin bites you!
* * * LOW HITPOINT WARNING * * *
The water moccasin bites you.
* * * LOW HITPOINT WARNING * * *
You are more poisoned.
The water moccasin poisons you!
It was a potion of cancellation.
You feel magically purged.
* * * LOW HITPOINT WARNING * * *
You feel very sick. The water moccasin bites you.
* * * LOW HITPOINT WARNING * * *
You are more poisoned.
The water moccasin poisons you!
It was a potion of attraction.
You feel attractive to monsters.
You die...

#.###...#..##..#.....#.....
#.#.....#.###..#.###.#.#^#.
#...#...+......#.# #.#.#...
#####...#...#.##.###.#.....
#.......#.##.#...###...
#...##.......#.### #.#.
#...<#..######.#####.#.
#....#.S.....#.....#.##
####.#@#.#...#.....#.##
#.###.#.........#... #.#
#.#.........###. #.#
#.#......####...
#####.###.#...#### #.##
#.....#...#...# #.#
#.#####...#...# #.# #.#
#...#...# #.#
#.#####...#...# #.#


You could see a water moccasin.

Vanquished Creatures
  Sigmund (D:3)
  An orc warrior (D:6)
  2 ogres (D:5)
  A centaur (D:3)
  A phantom (D:6)
  A crimson imp (D:4)
  A bullfrog zombie (D:5)
  A jelly (D:5)
  2 hounds
  A centaur skeleton (D:3)
  Terence (D:2)
  An orc wizard (D:4)
  Robin (D:3)
  3 gnolls (D:6)
  5 adders
  A white imp (D:5)
  An ufetubus (D:4)
  3 worms
  A dart slug (D:1)
  14 orcs
  4 ball pythons
  7 bats
  4 endoplasms
  3 giant cockroaches
  12 goblins
  8 hobgoblins
  5 jackals
  A quokka (D:1)
  2 frilled lizards
  4 kobolds
  9 rats
102 creatures vanquished.

Vanquished Creatures (others)
  5 fungi (D:6)
  3 plants
8 creatures vanquished.

Grand Total: 110 creatures vanquished

Notes
Turn   | Place    | Note
-------+----------+-------------------------------------------
     0 | D:1      | mcbry74 the Troll Monk began the quest for the Orb.
     0 | D:1      | Reached XP level 1. HP: 22/22 MP: 0/0
    63 | D:1      | Reached skill level 3 in Maces & Flails
   125 | D:1      | Reached XP level 2. HP: 29/29 MP: 1/1
   455 | D:1      | Found a faded altar of an unknown god.
   676 | D:2      | Reached skill level 4 in Maces & Flails
   676 | D:2      | Reached XP level 3. HP: 34/36 MP: 2/2
   746 | D:2      | Noticed Terence
   761 | D:2      | Killed Terence
   836 | D:2      | Reached XP level 4. HP: 29/44 MP: 3/3
  1462 | D:3      | Noticed a centaur
  1463 | D:3      | Noticed Sigmund
  1681 | D:3      | Found a broken altar of Ashenzari.
  1683 | D:3      | Noticed Robin
  1689 | D:3      | Reached XP level 5. HP: 52/52 MP: 4/4
  1695 | D:3      | Reached skill level 5 in Maces & Flails
  1717 | D:3      | Killed Robin
  1793 | D:3      | Found an iron altar of Okawaru.
  1801 | D:3      | Became a worshipper of Warmaster Okawaru
  1801 | D:3      | Reached * piety under Okawaru
  1801 | D:3      | Reached ** piety under Okawaru
  1996 | D:3      | Killed a centaur
  2034 | D:3      | Killed Sigmund
  2035 | D:3      | Reached XP level 6. HP: 27/62 MP: 5/5
  2395 | D:3      | Found a sacrificial altar of Ru.
  2862 | D:4      | Found a snail-covered altar of Cheibriados.
  3005 | D:4      | Found an opulent altar of Gozag.
  3145 | D:4      | Reached skill level 6 in Maces & Flails
  3173 | D:4      | Found a burning altar of Makhleb.
  3173 | D:4      | Found a shimmering altar of Xom.
  3193 | D:4      | Reached skill level 1 in Invocations
  3508 | D:5      | Entered Level 5 of the Dungeon
  3508 | D:5      | Found a staircase to the Ecumenical Temple.
  3534 | D:5      | Reached *** piety under Okawaru
  3535 | D:5      | Reached XP level 7. HP: 59/70 MP: 5/7
  3577 | D:5      | Found Itu Cap's Jewellery Emporium.
  3636 | D:5      | Found Joegasch's Weapon Shoppe.
  4187 | D:6      | Reached XP level 8. HP: 79/79 MP: 9/9
  4192 | D:6      | Reached skill level 5 in Fighting
  4223 | D:5      | HP: 4/80 [poisoned by a water moccasin]
  4224 | D:5      | Succumbed to a water moccasin's poison

Illustrated notes

Levels and vault maps discovered:
D:1:      wheals_arrival_shading, layout_loops_ring,
          dilly_ecumenical_altar_fadedgnrine, hangedman_decor_peaks_small
D:2:      layout_basic, uniq_terence
D:3:      layout_basic, amcnicky_altar_gilded, nicolae_ru_the_path_less_chosen,
          kennysheep_okawaru_gauntlet, uniq_robin, uniq_sigmund
D:4:      layout_loops_ring, slow_altar_1,
          grunt_temple_overflow_champion_of_chaos, grunt_gozag_statues,
          minmay_misc_feat_pillars
D:5:      layout_basic, minmay_temple_entry_purple_smoke, serial_shops, shop,
          nicolae_shop_hallway_plus
D:6:      layout_loops_cross, grunt_qazlal_clouds, fedhas_altar_3

Skill      XL: |  1  2  3  4  5  6  7  8 |
---------------+-------------------------+-----
Maces & Flails | 3 4 5 6 |  6.7
Fighting       | 4 5 |  5.0
Invocations    | 1 3 |  3.0
Dodging        | |  2.4
Stealth        | |  1.0

Action                   |  1- 3 |  4- 6 |  7- 9 || total
-------------------------+-------+-------+-------++-------
Melee: Mace              |   114 |    82 |     2 ||   198
       Flail             |       |   124 |       ||   124
       Giant club        |       |       |    42 ||    42
Throw: Throwing net      |       |     1 |       ||     1
Invok: Heroism           |       |       |     1 ||     1
  Use: Potion            |       |       |     2 ||     2
 Stab: Sleeping          |     2 |     1 |       ||     3
       Distracted        |       |     1 |       ||     1
       Invisible         |       |     1 |       ||     1
Armor: Robe              |    67 |    64 |    15 ||   146
Dodge: Dodged            |    86 |    99 |    23 ||   208

Table legend: (Time is in decaauts)
 A = Elapsed time spent in this place.
 B = Non-inter-level travel time spent in this place.
 C = Inter-level travel time spent in this place.
 D = Time resting spent in this place.
 E = Time spent auto-exploring this place.
 F = Levels seen in this place.
 G = Mean time per level.
                   A        B        C        D        E       F      G
               +--------+--------+--------+--------+--------+-----+--------+
         Total |   4285 |   4086 |    199 |    177 |   2642 |   6 |  714.2 |
       Dungeon |   4285 |   4086 |    199 |    177 |   2642 |   6 |  714.2 |
               +--------+--------+--------+--------+--------+-----+--------+

Top non-repeatable levels by time:
     D:3: 1103 daAuts
     D:4: 940 daAuts
     D:2: 829 daAuts
     D:1: 686 daAuts
     D:5: 557 daAuts
     D:6: 168 daAuts
